 Dungeon Crawl Stone Soup version 0.29.1-1-gd02db6906a (webtiles) character file.

Game seed: 4965220549084756076

26 Freeverse the Vexing (level 2, -3/23 HPs)
             Began as a Draconian Arcane Marksman on Oct 15, 2022.
             Slain by an orc wizard
             ... wielding a +0 dagger
              (4 damage)
             ... on level 3 of the Dungeon.
             The game lasted 00:04:04 (443 turns).

Freeverse the Vexing (Draconian Arcane Marksman)     Turns: 443, Time: 00:04:05

Health: -3/23      AC:  4    Str: 12    XL:     2   Next: 89%
Magic:  3/3        EV: 12    Int: 13    God:
Gold:   7          SH:  0    Dex: 11    Spells: 2/3 levels left

rFire   + . .      SeeInvis .   (no weapon)
rCold   . . .      Faith    .   (no shield)
rNeg    . . .      Spirit   .   (body armour unavailable)
rPois   .          Reflect  .   (helmet restricted)
rElec   .          Harm     .   (no cloak)
rCorr   .          Rampage  .   (no gloves)
Will    +....                   (no boots)
Stlth   +.........              (no amulet)
HPRegen 0.07/turn               d - ring of protection from fire
MPRegen 0.08/turn               f - ring of willpower

@: no status effects
A: AC +4, unfitting armour, cold-blooded
a: no special abilities


You were on level 3 of the Dungeon.
You visited 1 branch of the dungeon, and saw 3 of its levels.

You collected 7 gold pieces.

Inventory:

Hand Weapons
 a - a +1 sling
Jewellery
 d - a ring of protection from fire (left hand)
 f - a ring of willpower (right hand)


   Skills:
 * Level 1.4 Fighting
 * Level 2.3 Ranged Weapons
 * Level 2.0 Dodging
 * Level 0.5 Stealth
 * Level 1.1 Spellcasting
 * Level 2.9 Hexes


You had 2 spell levels left.
You knew the following spells:

 Your Spells              Type           Power      Damage    Failure   Level
a - Slow                  Hex            32%        N/A       9%          1

Your spell library contained the following spells:

 Spells                   Type           Power      Damage    Failure   Level
 Inner Flame              Hex/Fire       4%         N/A       43%         3
 Portal Projectile        Hex/Tloc       8%         N/A       43%         3
 Cause Fear               Hex            4%         N/A       63%         4


Dungeon Overview and Level Annotations

Branches:
Dungeon (3/15)

Altars:


Innate Abilities, Weirdness & Mutations

Your plain brown scales are hard. (AC +4)
You cannot fit into any form of body armour.
You are cold-blooded and may be slowed by cold attacks.


Message History

Really read the scroll of poison?
The air fills with toxic fumes!
As you read the scroll of poison, it crumbles to dust.
Something barely misses you.
Fire: a) +1 sling
Press: ? - help, Q - select action, (/) - cycle Shift-Dir - straight line, f - orc
Aim: an orc, wielding a +0 dagger (54% to hit)
You shoot a sling bullet. The sling bullet hits the orc.
The orc is severely wounded.
You hear some strange, mumbled words.
A magic dart appears from out of thin air!
The magic dart hits you. Something hits you.
Fire: a) +1 sling
Press: ? - help, Q - select action, (/) - cycle Shift-Dir - straight line, f/p - orc
Aim: an orc, wielding a +0 dagger (severely wounded, 54% to hit)
You shoot a sling bullet. The sling bullet barely misses the orc.
Something hits you.
Unknown command.
Fire: a) +1 sling
Press: ? - help, Q - select action, (/) - cycle Shift-Dir - straight line, f/p - orc
Aim: an orc, wielding a +0 dagger (severely wounded, 54% to hit)
You shoot a sling bullet. The sling bullet hits the orc.
You kill the orc!
Something hits you but does no damage.
You aren't carrying any potions.
As you read the scroll labelled SETYVV LACETS, it crumbles to dust.
It is a scroll of identify.
You don't have any unidentified items.
You hear some strange, mumbled words.
Something tries to affect you, but you resist.
You are now empty-handed.
You hear some strange, mumbled words.
A puff of flame appears from out of thin air!
The puff of flame hits you. You resist.
* * * LOW HITPOINT WARNING * * *
You barely miss something. Something hits you.
* * * LOW HITPOINT WARNING * * *
You hit something but do no damage. Your punch misses something.
Something hits you.
You die...

#...........#
#..........☼####
#...........☼..#
#...........§###
#...........§§§#
#...........#)##
..........#§#
..........#{#
########+##@#
#§§☼§# ######


There were no monsters in sight!

Vanquished Creatures
  4 orcs (D:3)
  A bat (D:1)
  3 endoplasms
  3 goblins
  3 jackals (D:1)
  A kobold (D:1)
  A quokka (D:1)
  A ball python (D:2)
  A frilled lizard (D:2)
18 creatures vanquished.

Notes
Turn   | Place    | Note
-------+----------+-------------------------------------------
     0 | D:1      | Freeverse the Draconian Arcane Marksman began the quest for
                  | the Orb.
     0 | D:1      | Reached XP level 1. HP: 16/16 MP: 2/2
   176 | D:1      | Reached XP level 2. HP: 23/23 MP: 3/3
   442 | D:3      | HP: 1/23 [something (4)]
   443 | D:3      | Slain by an orc wizard

Illustrated notes

Levels and vault maps discovered:
D:1:      sevenhm_arrival_forest_fort_small_5, layout_loops_ring
D:2:      layout_basic, basic_altar
D:3:      layout_basic, nicolae_overflow_hallway_of_the_gods,
          serial_bayou_pond_e

Skill      XL: |  1  2 |
---------------+-------+-----
Ranged Weapons | 2 |  2.3
Dodging        | 2 |  2.0
Fighting       | |  1.4
Stealth        | |  0.5
Spellcasting   | |  1.1
Hexes          | |  2.9

Action                   || total
-------------------------++-------
Melee: Sling             ||     2
       Unarmed           ||     2
 Fire: Sling             ||    58
 Cast: Slow              ||    10
  Use: Scroll            ||     3
       Potion            ||     1
Armor: Skin              ||    18
Dodge: Dodged            ||    67
